 Dungeon Crawl Stone Soup version 0.21-a0-460-g737a915 (webtiles) character file.

1502 nikopol the Thaumaturge (level 8, -1/42 HPs)
             Began as a Deep Elf Fire Elementalist on Nov 21, 2017.
             Killed from afar by nikopol's ghost (34 damage)
             ... with a fireball
             ... on level 5 of the Dungeon.
             The game lasted 00:23:43 (5633 turns).

nikopol the Thaumaturge (DEFE)                      Turns: 5633, Time: 00:23:44

Health: -1/42      AC:  4    Str:  5    XL:     8   Next: 52%
Magic:  20/22      EV: 13    Int: 23    God:
Gold:   215        SH:  5    Dex: 15    Spells: 13/24 levels left

rFire    . . .     SeeInvis .   m - +0 dagger
rCold    . . .     Gourm    .   (no shield)
rNeg     . . .     Faith    .   a - +0 robe
rPois    .         Spirit   .   w - +0 hat
rElec    .         Reflect  +   E - +0 cloak
rCorr    .         Harm     .   (no gloves)
MR       .....                  t - +0 pair of boots
Stlth    ++........             g - +5 amulet of reflection
HPRegen  0.14/turn              (no ring)
MPRegen  0.18/turn              (no ring)

@: no status effects
A: no striking features
a: no special abilities


You were on level 5 of the Dungeon.
You were not hungry.

You visited 1 branch of the dungeon, and saw 5 of its levels.
You also visited: Sewer.

You collected 215 gold pieces.

Inventory:

Hand Weapons
 m - a +0 dagger (weapon)
Armour
 a - a +0 robe (worn)
 t - a +0 pair of boots (worn)
 w - a +0 hat (worn)
 E - a +0 cloak (worn)
Jewellery
 g - a +5 amulet of reflection (around neck)
Wands
 k - a wand of clouds (8)
Scrolls
 e - a scroll of immolation {unknown}
 f - a scroll of magic mapping {unknown}
 j - 2 scrolls of teleportation {unknown}
 o - 2 scrolls of fog {unknown}
 q - a scroll of fear {unknown}
 r - a scroll of amnesia {unknown}
 y - a scroll of enchant armour {unknown}
 B - 2 scrolls of blinking {unknown}
Potions
 d - a potion of cancellation
 h - 2 potions of brilliance
 i - 2 potions of haste
 l - 2 potions of lignification
 n - a potion of flight {unknown}
 u - 2 potions of invisibility
 x - 4 potions of mutation {unknown}
 z - a potion of curing
 A - 2 potions of degeneration {unknown}
 C - a potion of agility {unknown}
 F - a potion of experience {unknown}
Books
 b - a book of Flames

   Spells                             Type                      Level
   a - Flame Tongue                   Conjuration/Fire             1
   b - Throw Flame                    Conjuration/Fire             2
   c - Conjure Flame                  Conjuration/Fire             3
   d - Inner Flame                    Hexes/Fire                   3
   e - Sticky Flame                   Conjuration/Fire             4
   f - Fireball                       Conjuration/Fire             5
Comestibles
 c - 2 bread rations
 p - 5 fruits
 s - 5 meat rations
 v - a royal jelly
 D - 2 chunks of flesh


   Skills:
 + Level 0.6 Fighting
 + Level 3.0 Dodging
 + Level 3.2 Stealth
 + Level 8.8 Spellcasting
 + Level 6.0 Conjurations
 + Level 7.3 Fire Magic


You had 13 spell levels left.
You knew the following spells:

 Your Spells              Type           Power        Failure   Level  Hunger
a - Flame Tongue          Conj/Fire      #####        1%          1    None
b - Throw Flame           Conj/Fire      #####.       1%          2    None
c - Conjure Flame         Conj/Fire      #####...     1%          3    None
d - Fireball              Conj/Fire      #####.....   11%         5    ####...


Dungeon Overview and Level Annotations

Branches:
Dungeon (5/15)
 Temple: D:4-7

Altars:
Dithmenos
Nemelex Xobeh
Uskayaw
Xom

Annotations:
D:5 nikopol's ghost, novice DEFE


Message History

The crimson imp blinks!
The crimson imp blinks!
Casting: Fireball
Confirm with . or Enter, or press ? or * to list all spells.
Aiming: Flame Tongue
Press: ? - help, Shift-Dir - straight line, f - nikopol's ghost
Aim: nikopol's ghost, wielding a weapon of draining (hasn't noticed you)
The flame tongue hits nikopol's ghost.
Nikopol's ghost appears unharmed.
Nikopol's ghost turns its malevolent gaze towards you.
Casting: Flame Tongue
Confirm with . or Enter, or press ? or * to list all spells.
Aiming: Flame Tongue
Press: ? - help, Shift-Dir - straight line, f/p - nikopol's ghost
Aim: nikopol's ghost, wielding a weapon of draining The flame tongue hits nikopol's ghost.
Nikopol's ghost is lightly damaged.
Nikopol's ghost gestures at you while chanting.
The fireball explodes!
The fireball engulfs you!
Ouch! That really hurt!
You die...

### #.####### ####.##.#.# ##
#...####..# ####. ###### ###.#
##.## #...## #.##.# #.#
##.#####.#...## ##.##. # #.#
##....5#.##..#.## ##.### #####.##
#....##@###..##.###..#..
.......###...####.#..####........
##.###......## #.....##..........
...# ###....## #...#W###.........
...####......###..###............
....#.........#...# ##...........
###......#........###..######....
# #....####............# #....
###....# #..##.###.....## #.##.


You could see nikopol's ghost and a crimson imp.

Vanquished Creatures
  Sigmund (D:5)
  Eustachio (D:5)
  Edmund (D:4)
  A water moccasin (D:5)
  Duvessa (D:5)
  A sky beast (D:5)
  A centaur (D:5)
  2 bullfrogs
  Dowan (D:5)
  A scorpion (D:4)
  A hound (D:5)
  An orc wizard (D:4)
  Crazy Yiuf (D:4)
  3 worker ants (D:5)
  Natasha (thrice) (D:4)
  2 hound zombies (D:5)
  A hound skeleton (D:5)
  11 adders
  A river rat (D:4)
  A shadow imp (D:5)
  2 adder skeletons (D:5)
  A dart slug (D:1)
  4 leopard geckos
  6 orcs
  8 giant cockroaches
  7 goblins
  5 hobgoblins
  9 jackals
  8 kobolds
  4 ball pythons
  A ball python zombie (D:5)
  8 bats
  12 frilled lizards
  A jackal skeleton (D:5)
  A quokka skeleton (D:5)
  6 rats
119 creatures vanquished.

Notes
Turn   | Place    | Note
-------+----------+-------------------------------------------
     0 | D:1      | nikopol the Deep Elf Fire Elementalist began the quest for the Orb.
     0 | D:1      | Reached XP level 1. HP: 10/10 MP: 6/6
   265 | D:1      | Reached XP level 2. HP: 15/15 MP: 6/8
   745 | D:2      | Reached XP level 3. HP: 17/19 MP: 6/10
   834 | D:2      | Learned a level 2 spell: Throw Flame
   838 | D:2      | Learned a level 3 spell: Conjure Flame
  1237 | D:2      | Found a sparkling altar of Nemelex Xobeh.
  1453 | D:3      | Reached XP level 4. HP: 24/24 MP: 8/11
  1740 | D:3      | Found a shadowy altar of Dithmenos.
  1850 | D:4      | Noticed Natasha
  1853 | D:4      | Killed Natasha
  1853 | D:4      | Reached skill level 4 in Spellcasting
  1854 | D:4      | Found a glowing drain.
  1920 | Sewer    | Entered a sewer
  1976 | Sewer    | Reached XP level 5. HP: 28/28 MP: 8/13
  2341 | Sewer    | Reached skill level 5 in Spellcasting
  2563 | D:4      | Reached skill level 5 in Fire Magic
  2563 | D:4      | Reached XP level 6. HP: 32/32 MP: 4/16
  2565 | D:4      | Noticed Natasha
  2686 | D:4      | Killed Natasha
  2823 | D:4      | Noticed Natasha
  2825 | D:4      | Killed Natasha
  2825 | D:4      | Reached skill level 6 in Spellcasting
  2906 | D:4      | Noticed Edmund
  3157 | D:4      | Noticed a hand axe
  3159 | D:4      | Noticed a dagger
  3162 | D:4      | Found a hide-covered altar of Uskayaw.
  3411 | D:4      | Found a runed door.
  3415 | D:4      | Noticed Crazy Yiuf
  3420 | D:4      | Killed Crazy Yiuf
  3692 | D:4      | Killed Edmund
  3692 | D:4      | Reached XP level 7. HP: 36/36 MP: 0/18
  3818 | D:5      | Entered Level 5 of the Dungeon
  3918 | D:5      | Noticed nikopol's ghost (novice DEFE)
  3932 | D:5      | Learned a level 5 spell: Fireball
  4114 | D:5      | Reached skill level 7 in Spellcasting
  4395 | D:5      | Noticed Sigmund
  4450 | D:5      | Found a shimmering altar of Xom.
  4457 | D:5      | Noticed Dowan
  4467 | D:5      | Noticed Duvessa
  4580 | D:5      | Reached skill level 5 in Conjurations
  4712 | D:5      | Noticed Eustachio
  4730 | D:5      | Killed Eustachio
  4730 | D:5      | Reached XP level 8. HP: 41/41 MP: 3/21
  4852 | D:5      | Killed Duvessa
  4852 | D:5      | Reached skill level 8 in Spellcasting
  5221 | D:5      | Killed Dowan
  5418 | D:5      | Killed Sigmund
  5633 | D:5      | Killed from afar by nikopol's ghost

Vault maps used:
D:1:      mushboom_english_gardens
D:2:      nemelex_altar_shiori
D:3:      corexii_shack_village, grunt_dithmenos_smoke
D:4:      dancing_weapons_uskayaw, first_bread, cheibrodos_sewer_entry_sluice,
          uniq_edmund, uniq_natasha, uniq_crazy_yiuf_cottage
D:5:      lemuel_statue_altar, uniq_sigmund, uniq_duvessa, uniq_eustachio
Sewer:    sewer_frog_island_01

Skill      XL: |  1  2  3  4  5  6  7  8 |
---------------+-------------------------+-----
Fire Magic     | 4 5 6 7 |  7.3
Conjurations   | 2 3 4 5 6 |  6.0
Stealth        | 3 |  3.2
Spellcasting   | 4 5 6 7 8 |  8.8
Dodging        | 3 |  3.0
Fighting       | |  0.6

Action                   |  1- 3 |  4- 6 |  7- 9 || total
-------------------------+-------+-------+-------++-------
Melee: Dagger            |       |       |    14 ||    14
 Cast: Flame Tongue      |    77 |    86 |    76 ||   239
       Throw Flame       |       |    33 |     5 ||    38
       Conjure Flame     |       |     5 |     4 ||     9
       Fireball          |       |       |     8 ||     8
  Use: Scroll            |       |       |     6 ||     6
  Eat: Chunk             |     1 |     7 |     8 ||    16
Armor: Robe              |     5 |     3 |     5 ||    13
Dodge: Dodged            |    22 |    16 |    21 ||    59
Block: Other             |       |       |     6 ||     6
       Reflection        |       |       |     1 ||     1

Table legend:
 A = Spawn XP
 B = Non-spawn XP
 C = Spawn XP percentage of total XP
 D = Spawn monster count
 E = Non-spawn monster count
 F = Spawn count percentage of total count
 G = Total turns spent on level
                    A         B        C        D         E        F      G
               +---------+---------+-------+---------+---------+-------+---------
         Total |       0 |    2146 |   0.0 |       0 |     119 |   0.0 |  5633
               +---------+---------+-------+---------+---------+-------+---------
           D:1 |       0 |      23 |   0.0 |       0 |      12 |   0.0 |   682
           D:2 |       0 |      61 |   0.0 |       0 |      26 |   0.0 |   696
           D:3 |       0 |      57 |   0.0 |       0 |      24 |   0.0 |   696
           D:4 |       0 |     477 |   0.0 |       0 |      15 |   0.0 |  1201
           D:5 |       0 |    1352 |   0.0 |       0 |      24 |   0.0 |  1726
         Sewer |       0 |     176 |   0.0 |       0 |      18 |   0.0 |   632
               +---------+---------+-------+---------+---------+-------+---------
